 Dungeon Crawl Stone Soup version 0.29-a0-82-g837932c90e (webtiles) character file.

Game seed: 14733642926768646542

71589 belegose the Prestidigitator (level 14, -14/123 HPs)
             Began as a Troll Artificer on Feb 4, 2022.
             Was a High Priest of Hepliaklqana.
             Shot with a bolt by a naga sharpshooter (27 damage)
             ... on level 1 of the Snake Pit.
             The game lasted 02:19:12 (31379 turns).

belegose the Prestidigitator (Troll Artificer)     Turns: 31379, Time: 02:19:13

Health: -14/123    AC: 15    Str: 23    XL:     14   Next: 98%
Magic:  17/17      EV: 27    Int:  9    God:    Hepliaklqana [*****.]
Gold:   1445       SH:  9    Dex: 12    Spells: 13/13 levels left

rFire   + . .      SeeInvis .     - Unarmed
rCold   . . .      Faith    .   I - +0 kite shield
rNeg    . . .      Spirit   .   B - +0 swamp dragon scales
rPois   +          Reflect  .   g - +2 hat
rElec   .          Harm     .   h - +2 cloak {Will+}
rCorr   .          Rampage  .   (gloves unavailable)
Will    ++...                   (boots unavailable)
Stlth   +.........              o - amulet of the acrobat
HPRegen 1.10/turn               d - ring of protection from fire
MPRegen 0.15/turn               J - +4 ring of evasion

@: lethally poisoned (-14 -> -14), acrobatic, studying Spellcasting
A: reduced essence, large, unfitting armour, claws 3, regeneration 1, shaggy fur
1, tough skin 1
a: Renounce Religion, Recall Ancestor, Ancestor Identity, Transference, Idealise


You were on level 1 of the Snake Pit.
You worshipped Hepliaklqana.
Hepliaklqana was extremely pleased with you.
You visited 5 branches of the dungeon, and saw 23 of its levels.
You also visited: Sewer, Ossuary, Bailey and Gauntlet.

You collected 3137 gold pieces.
You spent 1692 gold pieces at shops.

Inventory:

Hand Weapons
 a - a +2 broad axe of flaming
 K - the +9 falchion of Instinct {pain, rElec rC- Dex+2 Stlth+}
   (You bought it in a shop on level 12 of the Dungeon)

   In the hands of one skilled in necromantic magic, it inflicts extra damage on
   living creatures.
   Dex:       It affects your dexterity (+2).
   rC:        It makes you vulnerable to cold.
   rElec:     It insulates you from electricity.
   Stlth:     It makes you more stealthy.
Missiles
 p - 61 poisoned darts (quivered)
 s - a curare-tipped dart
 t - 18 boomerangs
 y - 15 large rocks
 C - a throwing net
 Q - 12 silver javelins
 T - 2 javelins
Armour
 g - a +2 hat (worn)
 h - a +2 cloak of willpower (worn)
 B - +0 swamp dragon scales (worn)
 I - a +0 kite shield (worn)
 W - an orb of light
Magical Staves
 f - a staff of fire
Jewellery
 d - a ring of protection from fire (left claw)
 j - a ring of resist corrosion
 o - an amulet of the acrobat (around neck)
 J - a +4 ring of evasion (right claw)
 U - a ring of protection from cold
 Y - a ring of protection from cold
Wands
 c - a wand of flame (72)
 v - a wand of digging (6)
 w - a wand of polymorph (7)
 A - a wand of iceblast (5)
 V - a wand of mindburst (10)
Scrolls
 l - 2 scrolls of fear
 m - 10 scrolls of teleportation
 n - 2 scrolls of holy word
 q - 4 scrolls of blinking
 G - a scroll of silence
 P - a scroll of fog
 S - 2 scrolls of magic mapping
Potions
 b - 2 potions of resistance
 k - 9 potions of curing
 r - 6 potions of flight
 u - 5 potions of might
 z - 2 potions of magic
 D - 2 potions of lignification
 E - a potion of cancellation
 F - 6 potions of mutation
 L - 3 potions of invisibility
 N - a potion of brilliance {unknown}
 O - 4 potions of degeneration {unknown}
 X - 3 potions of haste
 Z - a potion of ambrosia {unknown}
Miscellaneous
 e - a piece from Xom's chessboard (15/15)
 i - a tin of tremorstones (2/2)


   Skills:
 + Level 8.5 Fighting
 - Level 8.8 Axes
 - Level 10.3 Throwing
 - Level 4.0 Armour
 + Level 3.6 Dodging
 - Level 0.3 Stealth
 - Level 7.5 Shields
 + Level 7.6 Unarmed Combat
 + Level 6.6 Invocations
 + Level 10.7 Evocations


You had 13 spell levels left.
You didn't know any spells.
Your spell library contained the following spells:

 Spells                   Type           Power      Damage    Failure   Level
 Animate Skeleton         Necr           0%         N/A       78%         1
 Apportation              Tloc           0%         N/A       78%         1
 Sandblast                Erth           0%         2d4       78%         1
 Summon Small Mammal      Summ           0%         N/A       78%         1
 Ensorcelled Hibernation  Hex/Ice        0%         N/A       89%         2
 Passwall                 Tmut/Erth      0%         N/A       89%         2
 Conjure Flame            Conj/Fire      0%         6-21      98%         3
 Gell's Gravitas          Tloc           0%         N/A       98%         3
 Ignite Poison            Fire/Tmut/Pois 0%         N/A       98%         3
 Lesser Beckoning         Tloc           0%         N/A       98%         3
 Ozocubu's Armour         Ice            0%         N/A       98%         3
 Spider Form              Tmut/Pois      0%         N/A       98%         3
 Stone Arrow              Conj/Erth      0%         3d7       98%         3
 Teleport Other           Tloc           0%         N/A       98%         3
 Airstrike                Air            0%         N/A       100%        4
 Anguish                  Hex/Necr       0%         N/A       100%        4
 Animate Dead             Necr           0%         N/A       100%        4
 Olgreb's Toxic Radiance  Pois           0%         N/A       100%        4
 Sticky Flame             Conj/Fire      0%         2d3       100%        4
 Summon Lightning Spire   Summ/Air       0%         N/A       100%        4
 Lightning Bolt           Conj/Air       0%         1d11      100%        5
 Metabolic Englaciation   Hex/Ice        0%         N/A       100%        5
 Simulacrum               Ice/Necr       0%         N/A       100%        6
 Haunt                    Necr/Summ      0%         N/A       100%        7
 Malign Gateway           Summ/Tloc      0%         N/A       100%        7
 Ozocubu's Refrigeration  Ice            0%         4d5       100%        7
 Ignition                 Fire           0%         3d3       100%        8
 Infestation              Necr           0%         N/A       100%        8
 Summon Horrible Things   Summ           0%         N/A       100%        8


Dungeon Overview and Level Annotations

Branches:
Dungeon (13/15)            Temple (1/1) D:6            Lair (6/6) D:9
  Swamp (0/4) Lair:4        Snake (1/4) Lair:4        Slime (0/5) Lair:6
    Orc (2/2) D:11            Elf (0/3) Orc:2         Sewer (visited)
Ossuary (visited)          Bailey (visited)         Gauntlet (visited)
 Vaults: D:13-14

Altars:
Ashenzari
Cheibriados
Dithmenos
Elyvilon
Fedhas
Gozag
Hepliaklqana
Kikubaaqudgha
Makhleb
Nemelex Xobeh
Okawaru
Qazlal
Ru
Sif Muna
Trog
Uskayaw
Vehumet
Wu Jian
Xom
Yredelemnul
Zin
The Shining One
Beogh

Shops:
D:5 *   D:12 *   Orc:2 ([*:   Snake:1 =:=

Annotations:
D:12 3 runed translucent doors, exclusion: 3 doors, timneilson's ghost, journeyman GrFi
Lair:5 exclusion: downstairs
Lair:6 exclusion: oklob plant, Nessos


Innate Abilities, Weirdness & Mutations

Your life essence is reduced to manifest your ancestor. (-10% HP)
You are too large for most types of armour.
You have claws for hands.
Your natural rate of healing is unusually fast.
You are covered in fur. (AC +1)
You have tough skin. (AC +1)


Message History

* * * LOW HITPOINT WARNING * * *
Tlalli points at the naga sharpshooter and mumbles some strange words.
The naga sharpshooter resists with almost no effort.
There's nothing to close nearby.
Okay, then.
Okay, then.
Okay, then.
The naga sharpshooter's grasp on you weakens, but your attempt to escape fails.
You feel sick.
The naga sharpshooter shoots a bolt.
The bolt hits Tlalli!!
The naga sharpshooter constricts you.
* * * LOW HITPOINT WARNING * * *
The naga sharpshooter mumbles some strange words.
The naga sharpshooter magically shoots a bolt.
The bolt hits you!
* * * LOW HITPOINT WARNING * * *
Tlalli hits the naga sharpshooter but does no damage.
Tlalli drains the naga sharpshooter.
You feel much better.
You feel sick.
The naga sharpshooter shoots a bolt.
The bolt hits Tlalli!
The naga sharpshooter constricts you.
* * * LOW HITPOINT WARNING * * *
The naga sharpshooter mumbles some strange words.
The naga sharpshooter magically shoots a bolt.
You block the bolt.
Tlalli barely misses the naga sharpshooter.
You escape the naga sharpshooter's grasp.
You feel sick.
The naga sharpshooter gestures wildly while chanting.
The naga sharpshooter magically shoots a bolt.
You block the bolt.
The naga sharpshooter shoots a bolt.
The bolt hits Tlalli!
Tlalli is destroyed!
You feel sick.
The naga sharpshooter mumbles some strange words.
The naga sharpshooter magically shoots a bolt.
You block the bolt.
The naga sharpshooter shoots a bolt.
The bolt completely misses you.
You feel sick.
The naga sharpshooter mumbles some strange words.
The naga sharpshooter magically shoots a bolt.
The bolt hits you!!
You die...

.....................
.....................
..........#..)...... .#
.........####.....## ...
.........# ##...###.....
...<.....#####.............
......)......N.............
............N..............
..............##@........##
..N....#########..........#
...........................
....................†......
##############.............
# #............. #
................. .
................. .
..................


You could see 2 naga sharpshooters.

Vanquished Creatures
  An orc warlord (D:11)
  A spark wasp (Orc:2)
  A minotaur (Gauntlet)
  Erolcha (D:10)
  5 hydras
  A centaur warrior (D:9)
  3 two-headed ogres
  A death scarab (Gauntlet)
  5 death yaks
  Urug (Lair:1)
  A shock serpent (Lair:4)
  A naga sharpshooter (Snake:1)
  4 orc high priests (Orc:2)
  A soul eater (Gauntlet)
  Nergalle (Lair:3)
  A spectral death yak (Gauntlet)
  Pikel (D:5)
  6 orc knights
  3 cyclopes
  2 elephants
  3 orc sorcerers
  3 manticores
  An ugly thing (D:12)
  2 black mambas
  A torpor snail (Lair:5)
  4 cane toads
  A gargoyle (D:13)
  A rime drake (Lair:4)
  Maggie (D:7)
  5 komodo dragons
  3 trolls
  Prince Ribbit (D:5)
  A polar bear (Lair:1)
  Grinder (D:3)
  A raiju (Gauntlet)
  A hornet (D:11)
  6 blink frogs
  3 wraiths
  2 shadows (D:11)
  37 yaks
  A basilisk (Lair:2)
  5 wyverns
  2 fire elementals (D:13)
  6 vampire mosquitoes
  Grum (D:9)
  A naga (Snake:1)
  10 water moccasins
  36 orc warriors
  A black bear (D:6)
  2 ice beasts (D:8)
  5 ogres
  2 necrophages
  23 wolves
  A lemure (D:5)
  2 centaurs
  5 kobold brigands
  14 bullfrogs
  A scorpion (D:4)
  A water moccasin zombie (D:6)
  A wyvern skeleton (D:7)
  A hexer (D:13)
  7 killer bees (D:9)
  5 wights
  A howler monkey (D:9)
  2 lava snakes (D:13)
  A bullfrog zombie (D:6)
  3 centaur zombies
  2 jellies
  28 orc priests
  Crazy Yiuf (D:5)
  3 bullfrog skeletons
  2 gnoll shamans
  5 hounds
  A centaur skeleton (D:6)
  4 iguanas
  Jessica (D:3)
  15 orc wizards
  A scorpion zombie (D:5)
  Natasha (thrice) (D:3)
  A killer bee zombie (D:6)
  A hound skeleton (D:4)
  8 mummies (Ossuary)
  26 gnolls
  12 adders
  3 river rats
  5 shadow imps
  An ufetubus (D:6)
  3 adder skeletons (D:4)
  2 dart slugs (D:1)
  2 worms
  73 orcs
  3 bats
  7 endoplasms
  3 giant cockroaches
  A gnoll zombie (Ossuary)
  24 goblins
  11 hobgoblins
  9 jackals
  36 kobolds
  3 quokkas
  5 ball pythons
  2 frilled lizards
  3 hobgoblin zombies (Ossuary)
  4 orc zombies (Ossuary)
  8 rats
581 creatures vanquished.

Vanquished Creatures (collateral kills)
  Jorgrun (D:11)
  Fannar (D:10)
  A boulder beetle (D:13)
  Erica (D:11)
  3 hydras (Lair:5)
  A catoblepas (Lair:5)
  A death yak (Lair:2)
  An orc high priest (Orc:1)
  An orc sorcerer (Orc:2)
  2 manticores
  2 black mambas (Lair:4)
  A torpor snail (Lair:5)
  9 cane toads
  A minotaur zombie (Gauntlet)
  4 rime drakes
  3 komodo dragons
  A polar bear (Lair:1)
  2 trolls
  A tyrant leech (Lair:4)
  3 blink frogs
  Sigmund (D:5)
  7 yaks
  A shadow (D:10)
  A wraith (D:10)
  A fire elemental (D:13)
  A basilisk (Lair:4)
  A warg (Orc:2)
  5 water moccasins
  A swamp worm (Lair:4)
  15 orc warriors
  A black bear (Lair:4)
  An ogre (D:11)
  A wolf (Lair:2)
  2 bullfrogs (Lair:5)
  A kobold brigand (D:10)
  A gnoll sergeant (D:9)
  2 killer bees (D:9)
  3 howler monkeys (D:9)
  2 lava snakes (D:13)
  10 orc priests
  10 orc wizards
  3 gnolls
  34 orcs
  2 goblins (Bailey)
  4 hobgoblins (Bailey)
  A butterfly (Lair:1)
152 creatures vanquished.

Vanquished Creatures (others)
  An ogre (D:7)
  2 orc warriors
  An orc priest (D:7)
  8 ancestors
  22 hexers
  An orc wizard (D:7)
  An orc (D:7)
  A fire vortex (D:13)
  26 fungi
  43 plants
  4 withered plants (Gauntlet)
110 creatures vanquished.

Grand Total: 843 creatures vanquished

Notes
Turn   | Place    | Note
-------+----------+-------------------------------------------
     0 | D:1      | belegose the Troll Artificer began the quest for the Orb.
     0 | D:1      | Reached XP level 1. HP: 18/18 MP: 0/0
    47 | D:1      | Found a faded altar of an unknown god.
    80 | D:1      | Reached skill level 1 in Fighting
   181 | D:1      | Reached XP level 2. HP: 27/27 MP: 1/1
   234 | D:1      | Reached skill level 1 in Unarmed Combat
   760 | D:2      | Reached XP level 3. HP: 32/33 MP: 2/2
   972 | D:2      | Reached XP level 4. HP: 36/42 MP: 3/3
  1512 | D:3      | Reached XP level 5. HP: 48/49 MP: 4/4
  1580 | D:3      | Noticed Jessica
  1581 | D:3      | Found a glowing drain.
  1589 | D:3      | Killed Jessica
  1631 | Sewer    | Entered a sewer
  1765 | Sewer    | Reached XP level 6. HP: 57/59 MP: 5/5
  1860 | Sewer    | Found a glowing silver altar of Zin.
  2045 | D:3      | Noticed Grinder
  2281 | D:3      | Noticed Natasha
  2289 | D:3      | Killed Natasha
  2654 | D:3      | Noticed Natasha
  2671 | D:3      | Killed Natasha
  2819 | D:3      | Noticed Natasha
  2829 | D:3      | Killed Natasha
  2965 | D:4      | Noticed a water moccasin
  3073 | D:4      | Reached XP level 7. HP: 67/67 MP: 6/6
  3187 | D:4      | Reached skill level 1 in Throwing
  3867 | D:4      | Reached XP level 8. HP: 50/78 MP: 7/7
  3956 | D:5      | Entered Level 5 of the Dungeon
  4140 | D:5      | Reached skill level 5 in Unarmed Combat
  4188 | D:5      | Found Naummi's General Store.
  4258 | D:5      | Noticed Sigmund
  4299 | D:5      | Noticed Prince Ribbit
  4314 | D:5      | Killed Prince Ribbit
  4653 | D:5      | Noticed Pikel
  4703 | D:5      | Killed Pikel
  4704 | D:5      | Reached skill level 5 in Fighting
  4704 | D:5      | Reached skill level 5 in Evocations
  4877 | D:5      | Reached XP level 9. HP: 88/88 MP: 8/8
  4932 | D:5      | Found a basalt altar of Yredelemnul.
  4938 | D:5      | Found a bloodstained altar of Trog.
  4939 | D:5      | Found a shadowy altar of Dithmenos.
  4941 | D:5      | Found a glowing golden altar of the Shining One.
  4941 | D:5      | Found a white marble altar of Elyvilon.
  4942 | D:5      | Found an iron altar of Okawaru.
  4944 | D:5      | Found an ancient bone altar of Kikubaaqudgha.
  5269 | D:6      | Found a hide-covered altar of Uskayaw.
  5328 | D:6      | You fall into a shaft and drop 1 floor!
  5371 | D:7      | Noticed Maggie
  5386 | D:7      | Killed Maggie
  5404 | D:7      | Reached skill level 5 in Throwing
  5595 | D:6      | Reached skill level 1 in Axes
  5595 | D:6      | Reached skill level 1 in Armour
  5603 | D:6      | Found a sand-covered staircase.
  5608 | Ossuary  | Entered an ossuary
  6108 | D:6      | Reached XP level 10. HP: 91/98 MP: 9/9
  6269 | D:6      | Found a staircase to the Ecumenical Temple.
  6278 | Temple   | Entered the Ecumenical Temple
  6493 | Temple   | Became a worshipper of Hepliaklqana the Forgotten
  6689 | D:7      | Identified the +0 leather armour "Sawnipov" {rC+ Will++
                  | Str-5}
  7535 | D:8      | Found a glowing silver altar of Zin.
  7579 | D:7      | Reached skill level 1 in Invocations
  7773 | D:8      | Noticed an angel
  7782 | D:8      | Found a shimmering altar of Xom.
  7913 | D:8      | Identified the +1 ring mail of Masochism {rElec rF+ Regen+}
  7979 | D:8      | Reached * piety under Hepliaklqana
  8054 | D:8      | Found a flagged portal.
  8070 | Bailey   | Entered a bailey
  8174 | Bailey   | Noticed an orc knight
  8222 | Bailey   | Killed an orc knight
  8394 | Bailey   | Noticed an orc knight
  8413 | Bailey   | Killed an orc knight
  8962 | Bailey   | Noticed an orc knight
  9069 | Bailey   | Killed an orc knight
  9139 | Bailey   | Noticed an orc warlord
  9139 | Bailey   | Noticed an orc knight
  9907 | D:9      | Noticed a centaur warrior
  9964 | D:9      | Killed a centaur warrior
 10040 | D:9      | Found a staircase to the Lair.
 10088 | D:8      | Reached XP level 11. HP: 84/96 MP: 10/10
 10369 | D:9      | Noticed a two-headed ogre
 10453 | D:9      | Killed a two-headed ogre
 10488 | D:9      | Found an opulent altar of Gozag.
 10950 | D:10     | Entered Level 10 of the Dungeon
 11335 | D:10     | Noticed Fannar
 11445 | Lair:1   | Entered Level 1 of the Lair of Beasts
 11542 | Lair:1   | Reached ** piety under Hepliaklqana
 11544 | Lair:1   | Remembered your ancestor Tlalli as a hexer
 11704 | Lair:1   | Noticed a seven-headed hydra
 11711 | Lair:1   | Killed a six-headed hydra
 11843 | Lair:1   | Reached skill level 5 in Shields
 12026 | Lair:1   | Noticed Urug
 12069 | Lair:1   | Noticed Grum
 12113 | D:9      | Killed Grum
 12168 | Lair:1   | Killed Urug
 12722 | Lair:1   | Reached XP level 12. HP: 101/103 MP: 11/11
 12785 | Lair:2   | Noticed a four-headed hydra
 13013 | Lair:2   | Killed a two-headed hydra
 13091 | Lair:2   | Reached skill level 5 in Axes
 13176 | Lair:2   | Noticed a seven-headed hydra
 13182 | Lair:2   | Killed a five-headed hydra
 13547 | Lair:2   | Reached *** piety under Hepliaklqana
 14439 | Lair:3   | Noticed Nergalle
 14449 | Lair:3   | Killed Nergalle
 15340 | Lair:4   | Noticed an eight-headed hydra
 15647 | Lair:3   | Killed a four-headed hydra
 15796 | Lair:4   | Reached **** piety under Hepliaklqana
 15905 | Lair:4   | Reached XP level 13. HP: 71/110 MP: 12/12
 16043 | Lair:4   | Found a staircase to the Swamp.
 16179 | Lair:4   | Found a staircase to the Snake Pit.
 18511 | Lair:5   | Reached skill level 10 in Throwing
 20373 | Lair:5   | Reached ***** piety under Hepliaklqana
 20473 | Lair:6   | Entered Level 6 of the Lair of Beasts
 20473 | Lair:6   | Found a staircase to the Slime Pits.
 20532 | Lair:6   | Noticed Nessos
 21135 | D:10     | Killed Fannar
 21162 | D:10     | Noticed Erolcha
 21224 | D:10     | Killed Erolcha
 21831 | D:11     | Found a staircase to the Orcish Mines.
 22131 | D:11     | Reached XP level 14. HP: 119/119 MP: 16/16
 22217 | D:11     | Reached skill level 10 in Evocations
 23277 | D:12     | Found a runed translucent gate.
 23277 | D:12     | Found a runed translucent gate.
 23277 | D:12     | Found a runed translucent gate.
 23278 | D:12     | Noticed timneilson's ghost (journeyman GrFi)
 23286 | D:12     | Found Hicus's Assorted Antiques.
 23291 | D:12     | Bought a brightly glowing flail for 314 gold pieces
 23291 | D:12     | Identified the +3 flail of Imbalance {freeze, *Slow Dex+6}
                  | (You bought it in a shop on level 12 of the Dungeon)
 23293 | D:12     | Bought a scroll of identify for 74 gold pieces
 23308 | D:12     | Bought a shimmering falchion for 296 gold pieces
 23308 | D:12     | Identified the +9 falchion of Instinct {pain, rElec rC-
                  | Dex+2 Stlth+} (You bought it in a shop on level 12 of the
                  | Dungeon)
 23780 | D:13     | Reached skill level 5 in Invocations
 24095 | Orc:1    | Entered Level 1 of the Orcish Mines
 24203 | Orc:1    | Noticed Jorgrun
 24203 | Orc:1    | Noticed Erica
 24527 | D:11     | Killed Erica
 24679 | D:11     | Killed Jorgrun
 24957 | Orc:2    | Entered Level 2 of the Orcish Mines
 25034 | Orc:2    | Found a gate leading to a gauntlet.
 25137 | Orc:2    | Found a staircase to the Elven Halls.
 25147 | Gauntlet | Entered a Gauntlet
 25147 | Gauntlet | Found a transporter.
 25164 | Gauntlet | Found a transporter.
 25179 | Gauntlet | Found a transporter.
 25184 | Gauntlet | Found a transporter.
 25204 | Gauntlet | Found a transporter.
 25218 | Gauntlet | Found a transporter.
 25230 | Gauntlet | Found a transporter.
 25242 | Gauntlet | Found a transporter.
 25254 | Gauntlet | Found a transporter.
 25266 | Gauntlet | Found a transporter.
 25283 | Gauntlet | Found a transporter.
 25301 | Gauntlet | Found a transporter.
 25303 | Gauntlet | Found a transporter.
 25328 | Gauntlet | Found a transporter.
 25330 | Gauntlet | Found a transporter.
 25350 | Gauntlet | Found a transporter.
 25446 | Gauntlet | Found a transporter.
 25446 | Gauntlet | Found a transporter.
 26033 | Gauntlet | Identified the +1 cloak of Ubiquitous Beauty {Dex+6}
 26042 | Gauntlet | Identified a scroll of acquirement
 26042 | Gauntlet | Acquired 1056 gold pieces
 26406 | Orc:2    | Noticed an orc warlord
 26636 | D:11     | Killed an orc warlord
 29962 | Orc:2    | Found Nukkitzo's Antique Armour Shoppe.
 29988 | Orc:2    | Found Higoap's Antique Weapon Shoppe.
 30003 | Orc:2    | Found Eraz's General Store.
 30003 | Orc:2    | Found Fuqyud's Book Emporium.
 30055 | Orc:2    | Bought an embroidered hat for 210 gold pieces
 30078 | Orc:2    | Bought a +1 cloak of willpower for 231 gold pieces
 30078 | Orc:2    | Bought a scroll of blinking for 105 gold pieces
 30078 | Orc:2    | Bought a potion of curing for 42 gold pieces
 30670 | D:3      | Killed Grinder
 30746 | D:5      | Killed Sigmund
 30823 | D:5      | Found a runed translucent door.
 30824 | D:5      | Noticed Crazy Yiuf
 30829 | D:5      | Killed Crazy Yiuf
 31065 | Snake:1  | Entered Level 1 of the Snake Pit
 31099 | Snake:1  | Found Nocre's Jewellery Shoppe.
 31100 | Snake:1  | Found Igootui's Book Boutique.
 31102 | Snake:1  | Found Diamaq's Jewellery Shoppe.
 31111 | Snake:1  | Bought an amulet of the acrobat for 420 gold pieces
 31375 | Snake:1  | HP: 4/123 [naga sharpshooter/bolt (15)]
 31379 | Snake:1  | Shot with a bolt by a naga sharpshooter

Illustrated notes

Levels and vault maps discovered:
D:1:      wander_arrival_chamber, layout_basic, shapermc_ecumenical_altar_gd
D:2:      layout_rooms
D:3:      layout_basic, gup_sewer_entry_glass, minmay_misc_feat_iff,
          minmay_misc_feat_diagonals, minmay_circle_x, uniq_grinder,
          uniq_jessica, uniq_natasha
D:4:      layout_loops_ring, minmay_fractal_squares_diagonal_5
D:5:      layout_loops_cross, nicolae_overflow_hallway_of_the_gods,
          serial_shops, shop, uniq_prince_ribbit1, uniq_sigmund, uniq_pikel,
          uniq_crazy_yiuf_cottage
D:6:      layout_rooms, overflow_temple_1_default,
          minmay_temple_entry_enclosed_plants, nicolae_ossuary_entry_plus,
          st_stairs_2
D:7:      minmay_general_purpose_star, layout_rooms, uniq_maggie
D:8:      layout_gridville, grunt_temple_overflow_order_and_chaos_1,
          enter_bailey_3
D:9:      layout_basic, mainiacjoe_overflow_tiny_flanked, dpeg_oklobed_lair
D:10:     layout_rooms, grunt_decor_resistance, uniq_erolcha, uniq_fannar
D:11:     layout_small_grid, david_orc_3
D:12:     layout_roguey, gammafunk_ghost_nasty_kobolds, serial_shops,
          kennysheep_little_box
D:13:     erik_rubicon_a, layout_stronghold, uniq_snorg
Temple:   minmay_temple_curvy_loop
Lair:1:   layout_regular_city, grunt_megastairs_5, lemuel_fruit_fields,
          serial_bayou_shore_a, uniq_urug, uniq_grum
Lair:2:   layout_misc_corridors, pond
Lair:3:   layout_cave_pods, uniq_nergalle
Lair:4:   layout_cave_shapes, minmay_swamp_entry_worms, dummy_snake_entry,
          serial_rivers, chequers_serial_rivers_marsh,
          chequers_serial_rivers_small_3, chequers_serial_rivers_micro_e,
          chequers_serial_rivers_room_a, chequers_serial_rivers_marsh,
          chequers_serial_rivers_large_a, grunt_megastairs_3
Lair:5:   nzn_winding_woodlands_large [nzn_winding_woodlands_5x5_cross,
          nzn_winding_woodlands_5x15_concentric,
          nzn_winding_woodlands_hourglass, nzn_winding_woodlands_center_garden,
          nzn_winding_woodlands_15x15_eel_pit,
          nzn_winding_woodlands_center_lodge,
          nzn_winding_woodlands_5x5_perimeter,
          nzn_winding_woodlands_5x15_sawtooth, nzn_winding_woodlands_5x5_three],
          layout_regular_city, minmay_holes
Lair:6:   wormcave, layout_regular_city, minmay_slime_entry_oklob_open,
          uniq_nessos
Snake:1:  cheibrodos_toxic_ritual, layout_onion, serial_bayou,
          serial_bayou_pond_e, serial_bayou_pond_d, serial_bayou_pond_a,
          serial_bayou_pond_b, serial_shops, nicolae_shop_bloodbath_and_beyond,
          grunt_ministairs_15, minmay_shop_grove
Orc:1:    layout_caves, uniq_jorgrun, uniq_erica
Orc:2:    st_orc_congregation, layout_caves, gauntlet_entry_generic,
          basic_altar, minmay_orc_temple_c

Skill      XL: |  1  2  3  4  5  6  7  8  9 10 11 12 13 14 |
---------------+-------------------------------------------+-----
Fighting       | 1 2 3 4 5 6 7 8 |  8.5
Unarmed Combat | 1 2 3 4 6 7 |  7.6
Evocations     | 3 4 5 6 7 8 9 10 | 10.7
Throwing       | 2 3 5 6 8 9 10 | 10.3
Axes           | 1 2 4 6 7 8 |  8.8
Armour         | 1 3 4 |  4.0
Invocations    | 1 4 6 |  6.6
Shields        | 3 5 7 |  7.5
Dodging        | 3 |  3.6
Stealth        | |  0.3

Action                   |  1- 3 |  4- 6 |  7- 9 | 10-12 | 13-15 || total
-------------------------+-------+-------+-------+-------+-------++-------
Melee: Unarmed           |   101 |   162 |   359 |   744 |  1061 ||  2427
       Punch             |     1 |     4 |    18 |     3 |       ||    26
       Broad axe         |       |       |       |    19 |    19 ||    38
       Falchion          |       |       |       |       |    19 ||    19
Throw: Stone             |       |       |     4 |     3 |     1 ||     8
       Large rock        |       |       |     4 |    11 |     7 ||    22
       Javelin           |       |       |       |     4 |       ||     4
       Dart              |       |       |       |       |     6 ||     6
       Boomerang         |       |       |       |       |     2 ||     2
Invok: Recall Ancestor   |       |       |       |    11 |    23 ||    34
       Ancestor Life: He |       |       |       |     1 |       ||     1
Evoke: Wand              |       |     1 |     6 |    13 |    11 ||    31
  Use: Potion            |       |     1 |     4 |       |     4 ||     9
       Scroll            |       |       |     7 |     4 |    12 ||    23
 Stab: Sleeping          |       |     2 |     1 |       |       ||     3
       Distracted        |       |       |       |     4 |    15 ||    19
       Confused          |       |       |       |     1 |    16 ||    17
Armor: Robe              |    33 |    50 |    39 |       |       ||   122
       Skin              |       |     2 |    13 |       |       ||    15
       Swamp dragon scal |       |       |    50 |   308 |   234 ||   592
Dodge: Dodged            |    30 |    78 |   138 |   313 |   425 ||   984
Block: Kite shield       |       |       |       |   372 |   439 ||   811

Table legend: (Time is in decaauts)
 A = Elapsed time spent in this place.
 B = Non-inter-level travel time spent in this place.
 C = Inter-level travel time spent in this place.
 D = Time resting spent in this place.
 E = Time spent auto-exploring this place.
 F = Levels seen in this place.
 G = Mean time per level.
                   A        B        C        D        E       F      G
               +--------+--------+--------+--------+--------+-----+--------+
         Total |  31715 |  28891 |   2824 |   6588 |  10662 |  27 | 1174.6 |
       Dungeon |  14090 |  12446 |   1644 |   1688 |   6167 |  13 | 1083.8 |
        Temple |    250 |    202 |     48 |      0 |    196 |   1 |  250.0 |
          Lair |   9702 |   8664 |   1038 |   2442 |   3357 |   6 | 1617.0 |
     Snake Pit |    191 |    191 |      0 |     18 |      0 |   1 |  191.0 |
  Orcish Mines |   4269 |   4176 |     93 |   1536 |    508 |   2 | 2134.5 |
         Sewer |    423 |    423 |      0 |     17 |     91 |   1 |  423.0 |
       Ossuary |    347 |    347 |      0 |     32 |     27 |   1 |  347.0 |
        Bailey |   1178 |   1178 |      0 |    528 |      0 |   1 | 1178.0 |
      Gauntlet |   1262 |   1262 |      0 |    327 |    316 |   1 | 1262.0 |
               +--------+--------+--------+--------+--------+-----+--------+

Top non-repeatable levels by time:
  Lair:5: 3276 daAuts
   Orc:2: 2397 daAuts
   Orc:1: 1872 daAuts
     D:9: 1817 daAuts
    D:11: 1757 daAuts
  Lair:3: 1673 daAuts
  Lair:4: 1590 daAuts
  Lair:2: 1529 daAuts
  Lair:1: 1496 daAuts
     D:3: 1310 daAuts
Gauntlet: 1262 daAuts
     D:5: 1230 daAuts
     D:4: 1205 daAuts
     D:8: 1180 daAuts
  Bailey: 1178 daAuts
